 Dungeon Crawl Stone Soup version 0.30-a0-578-gdee14c521f (webtiles) character file.

Game seed: 12269908147833271398

47 Crownlay the Sneak (level 3, -1/27 (28) HPs)
             Began as a Gnoll Wanderer on Dec 31, 2022.
             Slain by Grinder (5 damage)
             ... on level 3 of the Dungeon.
             The game lasted 00:03:01 (1627 turns).

Crownlay the Sneak (Gnoll Wanderer)                 Turns: 1627, Time: 00:03:01

HP:   -1/27 (28)    AC:  3    Str:  9    XL:     3   Next: 70%
MP:   7/7           EV: 10    Int: 18    God:
Gold: 72            SH:  0    Dex: 16    Spells: 6/7 levels left

rFire   . . .      SeeInvis .    n - +6 rapier "Ihax" {flame, rElec Dex+2}
rCold   . . .      Faith    .    (no shield)
rNeg    . . .      Spirit   .    d - +0 robe
rPois   .          Reflect  .    b - +0 helmet
rElec   +          Harm     .    q - scarf {+Inv}
rCorr   +          Rampage  .    (no gloves)
Will    .....                    (no boots)
Stlth   +++                      (no amulet)
HPRegen 0.24/turn                i - ring of resist corrosion
MPRegen 0.10/turn                p - +6 ring of intelligence

@: grasped by roots, constricted, lightly drained
A: fangs 1, strong nose, distributed training
a: Evoke Invisibility


You were on level 3 of the Dungeon.
You visited 1 branch of the dungeon, and saw 3 of its levels.

You collected 72 gold pieces.

Inventory:

Hand Weapons
 n - the +6 rapier "Ihax" (weapon) {flame, rElec Dex+2}
   (You found it on level 2 of the Dungeon)

   It burns those it strikes, dealing additional fire damage.
   Dex:       It affects your dexterity (+2).
   rElec:     It insulates you from electricity.
Armour
 b - a +0 helmet (worn)
 d - a +0 robe (worn)
 q - a scarf of invisibility (worn)
Jewellery
 i - a ring of resist corrosion (left hand)
 p - a +6 ring of intelligence (right hand)
Scrolls
 e - 2 scrolls of enchant weapon {unknown}
 g - 2 scrolls of poison {unknown}
 h - a scroll of magic mapping {unknown}
 k - a scroll of summoning {unknown}
 l - 4 scrolls of identify {unknown}
 m - a scroll of fear {unknown}
Potions
 a - a potion of degeneration {unknown}
 c - a potion of invisibility
 f - a potion of curing {unknown}
 j - 2 potions of heal wounds {unknown}
 o - a potion of mutation {unknown}


   Skills:
 + Level 2.6 Fighting
 + Level 1.0 Short Blades
 + Level 1.0 Long Blades
 + Level 1.0 Axes
 + Level 1.0 Maces & Flails
 + Level 1.0 Polearms
 + Level 1.0 Staves
 + Level 2.6 Ranged Weapons
 + Level 1.0 Throwing
 + Level 1.0 Armour
 + Level 2.6 Dodging
 + Level 6.0 Stealth
 + Level 1.0 Shields
 + Level 1.0 Unarmed Combat
 + Level 2.9 Spellcasting
 + Level 0.7 Conjurations
 + Level 0.7 Hexes
 + Level 0.7 Summonings
 + Level 5.4 Necromancy
 + Level 0.7 Translocations
 + Level 0.7 Transmutations
 + Level 0.7 Fire Magic
 + Level 0.7 Ice Magic
 + Level 0.7 Air Magic
 + Level 0.7 Earth Magic
 + Level 0.7 Poison Magic
 + Level 1.0 Invocations
 + Level 1.0 Evocations


You had 6 spell levels left.
You knew the following spells:

 Your Spells              Type           Power      Damage    Failure   Level
a - Kiss of Death         Conj/Necr      52%        2d9       4%          1

Your spell library contained the following spells:

 Spells                   Type           Power      Damage    Failure   Level
 Vampiric Draining        Necr           22%        2d7       5%          3
 Anguish                  Hex/Necr       6%         N/A       43%         4
 Enfeeble                 Hex            2%         N/A       100%        7


Dungeon Overview and Level Annotations

Branches:
Dungeon (3/15)

Altars:

Shops:
D:1 :

Annotations:
D:3 1 transporter, Grinder; flestrin's ghost, weakling DsVM


Innate Abilities, Weirdness & Mutations

You have very sharp teeth.
Your uncanny sense of smell can sniff out nearby items.
Your experience applies equally to all skills.


Message History

Found a glowing scarf.
The rat bites you.
You puncture the rat! You burn the rat.
You kill the rat!
No target in view!
No target in view!
No target in view!
You see here a scarf of invisibility.
q - a scarf of invisibility You start putting on your armour.
You continue putting on your scarf of invisibility. x4
You finish putting on your scarf of invisibility.
You become transparent for a moment.
You open the door.
There is an open door here.
Found a transporter.
Flestrin's ghost turns its malevolent gaze towards you.
A rat comes into view.
The rat moves out of view.
Grinder comes into view.
She is carrying a wand of roots (9).
Found a scroll labelled PAP KUETO TUTT.
Grinder shouts!
Grinder blinks!
Grinder hits you!
You writhe in agony.
Casting: Kiss of Death (safe; 4% risk of failure)
Confirm with . or Enter, or press ? or * to list all spells.
You can't see any susceptible monsters within range! (Use Z to cast anyway.)
You hit Grinder. You burn Grinder. You bite Grinder, but do no damage.
Grinder is lightly wounded.
Grinder zaps a wand.
The roots erupt in riotous growth!
The grasping roots grab you!
Grinder is unaffected.
The grasping roots constrict you!
* * * LOW HITPOINT WARNING * * *
You hear a shout!
You puncture Grinder! You burn Grinder. You bite Grinder, but do no damage.
Grinder is moderately wounded.
Grinder hits you.
* * * LOW HITPOINT WARNING * * *
You writhe in agony.
You die...

##.#.#.#.#
#........#
#?.......##..#.#
#........ #..#.##.
#........ ...#... ©.
........# #..#.# ...
#.......###..#W##...
#.....r@.##..#o.....
......5..##..##8....
.....###......######
.... ####.......©.
... #######........
#. #..........##.# #
# #..........# .#
#..........####.###
#.........##.......


You could see Grinder and a rat.

Vanquished Creatures
  A gnoll (D:2)
  4 bats (D:2)
  2 endoplasms (D:1)
  A giant cockroach (D:1)
  5 goblins (D:1)
  10 hobgoblins
  4 ball pythons
  A kobold (D:2)
  6 rats
34 creatures vanquished.

Notes
Turn   | Place    | Note
-------+----------+-------------------------------------------
     0 | D:1      | Crownlay the Gnoll Wanderer began the quest for the Orb.
     0 | D:1      | Crownlay set off with the following items: a +0 sling, a +0
                  | helmet, a potion of invisibility, a +0 robe; and the
                  | following spell memorised: Kiss of Death; and the following
                  | spells available to memorise: Vampiric Draining, Anguish.
     0 | D:1      | Reached XP level 1. HP: 17/17 MP: 4/4
    88 | D:1      | Found Lir Feikk's Vocational Training.
   171 | D:1      | Reached XP level 2. HP: 23/23 MP: 5/5
   817 | D:1      | Reached XP level 3. HP: 23/23 MP: 7/7
  1055 | D:2      | Identified the +6 rapier "Ihax" {flame, rElec Dex+2}
  1111 | D:2      | Reached skill level 6 in Stealth
  1249 | D:2      | Reached skill level 1 in Invocations
  1361 | D:2      | Reached skill level 1 in Short Blades
  1361 | D:2      | Reached skill level 1 in Long Blades
  1361 | D:2      | Reached skill level 1 in Axes
  1361 | D:2      | Reached skill level 1 in Maces & Flails
  1361 | D:2      | Reached skill level 1 in Polearms
  1361 | D:2      | Reached skill level 1 in Staves
  1361 | D:2      | Reached skill level 1 in Throwing
  1361 | D:2      | Reached skill level 1 in Armour
  1361 | D:2      | Reached skill level 1 in Shields
  1361 | D:2      | Reached skill level 1 in Unarmed Combat
  1361 | D:2      | Reached skill level 1 in Evocations
  1616 | D:3      | Found a transporter.
  1616 | D:3      | Noticed flestrin's ghost (weakling DsVM)
  1622 | D:3      | Noticed Grinder
  1627 | D:3      | Slain by Grinder

Illustrated notes

Levels and vault maps discovered:
D:1:      kennysheep_arrival_seaside, layout_loops_corners,
          kennysheep_small_spiral, nicolae_shop_vocational
D:2:      minmay_evil_eye, layout_basic
D:3:      layout_basic, nzn_overflow_gifts_of_might_and_magic,
          mainiacjoe_overflow_surrounded_room, gammafunk_ghost_arena,
          uniq_sigmund, uniq_terence, uniq_grinder

Skill      XL: |  1  2  3 |
---------------+----------+-----
Stealth        | 6 |  6.0
Invocations    | 1 |  1.0
Short Blades   | 1 |  1.0
Long Blades    | 1 |  1.0
Axes           | 1 |  1.0
Maces & Flails | 1 |  1.0
Polearms       | 1 |  1.0
Staves         | 1 |  1.0
Throwing       | 1 |  1.0
Armour         | 1 |  1.0
Shields        | 1 |  1.0
Unarmed Combat | 1 |  1.0
Evocations     | 1 |  1.0
Fighting       | |  2.6
Ranged Weapons | |  2.6
Dodging        | |  2.6
Spellcasting   | |  2.9
Conjurations   | |  0.7
Hexes          | |  0.7
Summonings     | |  0.7
Necromancy     | |  5.4
Translocations | |  0.7
Transmutations | |  0.7
Fire Magic     | |  0.7
Ice Magic      | |  0.7
Air Magic      | |  0.7
Earth Magic    | |  0.7
Poison Magic   | |  0.7

Action                   || total
-------------------------++-------
Melee: Rapier            ||    15
       Bite              ||     2
 Fire: Sling             ||    54
 Cast: Kiss of Death     ||     2
 Stab: Sleeping          ||     4
Armor: Robe              ||     5
Dodge: Dodged            ||    14

Table legend: (Time is in decaauts)
 A = Elapsed time spent in this place.
 B = Non-inter-level travel time spent in this place.
 C = Inter-level travel time spent in this place.
 D = Time resting spent in this place.
 E = Time spent auto-exploring this place.
 F = Levels seen in this place.
 G = Mean time per level.
                   A        B        C        D        E       F      G
               +--------+--------+--------+--------+--------+-----+--------+
         Total |   1644 |   1565 |     79 |      0 |   1343 |   3 |  548.0 |
       Dungeon |   1644 |   1565 |     79 |      0 |   1343 |   3 |  548.0 |
               +--------+--------+--------+--------+--------+-----+--------+

Top non-repeatable levels by time:
     D:1: 1025 daAuts
     D:2: 561 daAuts
     D:3: 58 daAuts
